 Dungeon Crawl Stone Soup version 0.16.1-18-g436b03c (webtiles) character file.

86 Chiseanne the Ducker (level 4, 0/22 HPs)
             Began as a Spriggan Transmuter on May 16, 2015.
             Succumbed to an orc's poison
             ... on level 3 of the Dungeon.
             The game lasted 00:07:35 (2990 turns).

Chiseanne the Ducker (Spriggan Transmuter)          Turns: 2990, Time: 00:07:35

Health: 0/22       AC:  3    Str: 11    XL:     4   Next: 27%
Magic:  14/14      EV: 19    Int: 15    God:
Gold:   117        SH:  0    Dex: 16    Spells: 3 memorised, 4 levels left

rFire  . . .     SeeInvis +       - Unarmed
rCold  . . .     Clarity  .     c - +0 robe
rNeg   . . .     SustAb   .     (shield restricted)
rPois  .         Gourm    .     (helmet restricted)
rElec  .         Spirit   .     p - +0 cloak
rCorr  .         Warding  .     (gloves unavailable)
rMut   .         Stasis   .     (boots unavailable)
MR     .....                    (no amulet)
Stlth  +.........               (no ring)
                                (no ring)

@: mighty, lethally poisoned (0 -> -3), very slightly contaminated, hasted, very
quick, not resistant to hostile enchantments, very unstealthy
A: unfitting armour, see invisible, herbivore 3, speed 3, slow metabolism 2,
spit poison 1
a: Spit Poison


You were on level 3 of the Dungeon.
You were full.

You visited 1 branch of the dungeon, and saw 3 of its levels.

You collected 117 gold pieces.

Inventory:

Hand weapons
 s - a +1 whip of venom
Missiles
 b - 15 arrows
 j - 21 bolts
 l - 37 sling bullets
Armour
 c - a +0 robe (worn)
 p - a +0 cloak (worn)
Scrolls
 f - 3 scrolls of remove curse
 i - 3 scrolls of teleportation
 n - a scroll of magic mapping {unknown}
 o - a scroll of enchant armour {unknown}
 q - a scroll of identify
 r - a scroll of recharging {unknown}
Potions
 e - a potion of degeneration {unknown}
 g - 2 potions of cure mutation
 k - a potion of might
Books
 d - a book of Changes

   Spells                             Type                      Level
   a - Beastly Appendage              Transmutation                1
   b - Sticks to Snakes               Transmutation                2
   c - Spider Form                    Transmutation/Poison         3
   d - Ice Form                       Ice/Transmutation            4
   e - Blade Hands                    Transmutation                5
Comestibles
 a - a bread ration


   Skills:
 * Level 1.2 Fighting
 * Level 4.0 Dodging
 * Level 3.0 Unarmed Combat
 * Level 3.6 Spellcasting
 * Level 3.3 Transmutations


You had 4 spell levels left.
You knew the following spells:

 Your Spells              Type           Power        Failure   Level  Hunger
a - Beastly Appendage     Trmt           ##....       6%          1    None
b - Sticks to Snakes      Trmt           ##........   10%         2    ##.....
c - Spider Form           Trmt/Pois      #.........   30%         3    ###....


Dungeon Overview and Level Annotations

Branches:
Dungeon (3/15)

Altars:


Innate Abilities, Weirdness & Mutations

You are tiny and cannot use many weapons and most armour.
You have supernaturally acute eyesight.
You are a herbivore.
You cover ground extremely quickly.
You need consume almost no food.
You can spit poison.


Message History

* * * LOW HITPOINT WARNING * * *
You feel sick.
* * * LOW HITPOINT WARNING * * *
You feel sick.
Found 18 stones.
* * * LOW HITPOINT WARNING * * *
You feel sick.
Your talons disappear.
An orc comes into view. It is wielding a short sword.
The orc shouts!
* * * LOW HITPOINT WARNING * * *
You feel sick.
* * * LOW HITPOINT WARNING * * *
You feel sick.
Read which item? (? for menu, Esc to quit)
Okay, then.
Found an emerald potion.
You see here an emerald potion.
e - an emerald potion You die...

#.# #.#
#.# #.#
#.# #.#
#># #.#
#@# #.#
#.# #.#
#.# #
#.####.#
#......# #
###.#####.
#.# #..


There were no monsters in sight!

Vanquished Creatures
  2 adders (D:2)
  2 giant mites (D:2)
  3 orcs (D:3)
  4 goblins
  6 hobgoblins
  7 bats
  3 giant cockroaches
  A giant gecko (D:2)
  3 giant newts
  5 kobolds
  4 rats
40 creatures vanquished.

Vanquished Creatures (collateral kills)
  An adder (D:2)
  2 worms (D:2)
  A giant gecko (D:2)
4 creatures vanquished.

Grand Total: 44 creatures vanquished

Notes
Turn   | Place    | Note
--------------------------------------------------------------
     0 | D:1      | Chiseanne, the Spriggan Transmuter, began the quest for the Orb.
     0 | D:1      | Reached XP level 1. HP: 9/9 MP: 4/4
   506 | D:1      | Reached XP level 2. HP: 7/14 MP: 3/7
   786 | D:1      | Learned a level 2 spell: Sticks to Snakes
  1585 | D:2      | Reached skill level 1 in Fighting
  1585 | D:2      | Reached XP level 3. HP: 14/18 MP: 9/11
  1641 | D:2      | Learned a level 3 spell: Spider Form
  2448 | D:2      | Reached XP level 4. HP: 20/22 MP: 6/14
  2753 | D:2      | Reached skill level 4 in Dodging
  2946 | D:2      | Gained mutation: You can spit poison. [potion of beneficial mutation]
  2980 | D:3      | HP: 1/22 [poisoned by an orc]
  2990 | D:3      | Succumbed to an orc's poison

Action                   |  1- 3 |  4- 6 || total
-------------------------+-------+-------++-------
Melee: Unarmed           |    88 |    39 ||   127
 Cast: Beastly Appendage |    29 |     9 ||    38
       Sticks to Snakes  |    11 |       ||    11
  Use: Scroll            |     3 |       ||     3
       Potion            |       |     4 ||     4
 Stab: Sleeping          |     1 |       ||     1
  Eat: Bread ration      |       |     1 ||     1
